 Dungeon Crawl Stone Soup version 0.15.2 (webtiles) character file.

37 HiobMontag the Stinger (level 3, -4/19 HPs)
             Began as a Tengu Venom Mage on Dec 23, 2014.
             Slain by Crazy Yiuf
             ... wielding a +4 quarterstaff of chaos
              (10 damage)
             ... on Level 2 of the Dungeon.
             The game lasted 00:07:38 (1602 turns).

HiobMontag the Stinger (Tengu Venom Mage)           Turns: 1602, Time: 00:07:39

HP  -4/19        AC  2     Str  8      XL: 3   Next: 39%
MP   2/7         EV 13     Int 16      God:
Gold 30          SH  0     Dex 14      Spells:  3 memorised,  0 levels left

rFire  . . .     SeeInvis .     q - +0 hammer
rCold  . . .     Clarity  .     a - +0 robe
rNeg   . . .     rCorr    .     (no shield)
rPois  .         rRot     .     (helmet restricted)
rElec  .         Spirit   .     (no cloak)
SustAb .         Warding  .     (no gloves)
rMut   .         Stasis   .     (boots unavailable)
Gourm  .                        (no amulet)
MR     .....                    (no ring)
                                (no ring)

@: very slightly contaminated, not resistant to hostile enchantments, unstealthy
A: beak, talons 3
a: no special abilities


You were on level 2 of the Dungeon.
You were not hungry.

You visited 1 branch of the dungeon, and saw 2 of its levels.

You collected 30 gold pieces.

Inventory:

Hand weapons
 e - a +0 glaive
 g - a +0 dagger
 q - a +0 hammer (weapon)
Missiles
 d - 7 stones (quivered)
Armour
 a - a +0 robe (worn)
Comestibles
 c - a bread ration
 j - 3 fruits
 k - a slice of pizza
 o - 2 chunks of hobgoblin flesh
 p - a meat ration
Scrolls
 f - a scroll of remove curse {unknown}
 h - a scroll of enchant armour {unknown}
 l - a scroll of fear {unknown}
 m - a scroll of amnesia {unknown}
Potions
 i - a potion of resistance {unknown}
 n - a potion of poison {unknown}
Books
 b - a Young Poisoner's Handbook

   Spells                             Type                      Level
   *Sting                             Conjuration/Poison           1
   *Cure Poison                       Poison                       2
   *Mephitic Cloud                    Conjuration/Poison/Air       3
   Olgreb's Toxic Radiance            Poison                       4
   Venom Bolt                         Conjuration/Poison           5


   Skills:
 + Level 2.5 Dodging
 + Level 2.0 Stealth
 + Level 2.1 Spellcasting
 + Level 1.1 Conjurations
 + Level 4.6 Poison Magic


You couldn't memorise any spells.
You knew the following spells:

 Your Spells              Type           Power        Failure   Level  Hunger
a - Sting                 Conj/Pois      ##..         10%         1    #......
b - Cure Poison           Pois           ###.......   6%          2    ###....
c - Mephitic Cloud        Conj/Pois/Air  #.......     34%         3    ####...


Dungeon Overview and Level Annotations

Branches:
Dungeon (2/15)

Altars:

Annotations:
D:2 Crazy Yiuf


Innate Abilities, Weirdness & Mutations

You have a beak for a mouth.
You have claws for feet.


Message History

Confirm with . or Enter, or press ? or * to list all spells.
Aiming: Sting
Press: ? - help, Shift-Dir - straight line, f/p - Crazy Yiuf
Aim: Crazy Yiuf, wielding a quarterstaff of chaos and wearing an embroidered cloak (severely wounded)
The sting misses Crazy Yiuf.
Crazy Yiuf cries, "Aardvark leg green!"
Crazy Yiuf misses you.
Casting: Sting
Confirm with . or Enter, or press ? or * to list all spells.
Aiming: Sting
Press: ? - help, Shift-Dir - straight line, f/p - Crazy Yiuf
Aim: Crazy Yiuf, wielding a quarterstaff of chaos and wearing an embroidered cloak (severely wounded)
The sting hits Crazy Yiuf.
Crazy Yiuf is poisoned.
Crazy Yiuf is severely wounded.
Crazy Yiuf says, "Scoff!
Line senile green."
Crazy Yiuf says, "Pitchfork!
Castle leg aubergine."
Crazy Yiuf says, "Leather hog action!"
Crazy Yiuf hits you with a quarterstaff of chaos!
Ouch! That really hurt!
You die...

. #.#######.### #.#
#...........# #.#
#...........# #.#
#...........# #.#
##...........# #.#
#.........(..# ... #.#
#...%........# #...
##.###............#
#....#..g@.............#
##.(..#..###....#####)#####
................+..........
##...##..#.#....#####.#####
#.. #..#.#....# #.# #
###..# #....# #.# ##....#
#....# #.# ##.....# ###+##
#.# #))..### #.#


You could see Crazy Yiuf.

Vanquished Creatures
  A giant mite (D:1)
  2 giant geckos (D:1)
  4 bats (D:1)
  A giant cockroach (D:1)
  4 goblins
  5 hobgoblins
  3 kobolds
  5 rats
25 creatures vanquished.

Notes
Turn   | Place    | Note
--------------------------------------------------------------
     0 | D:1      | HiobMontag, the Tengu Venom Mage, began the quest for the Orb.
     0 | D:1      | Reached XP level 1. HP: 10/10 MP: 3/3
   465 | D:1      | Reached XP level 2. HP: 12/15 MP: 0/5
   811 | D:1      | Reached XP level 3. HP: 15/19 MP: 1/7
  1043 | D:1      | Learned a level 2 spell: Cure Poison
  1047 | D:1      | Learned a level 3 spell: Mephitic Cloud
  1462 | D:2      | Reached skill level 1 in Conjurations
  1579 | D:2      | Noticed Crazy Yiuf
  1602 | D:2      | Slain by Crazy Yiuf

Action                   || total
-------------------------++-------
Melee: Club              ||     5
       Unarmed           ||     3
       Dagger            ||    15
Throw: Stone             ||     4
 Cast: Sting             ||    55
  Use: Potion            ||     1
  Eat: Chunk             ||     3
